cohdb
Replays
Latest Replays
All Replays
Popular Replays
Top Player Replays
Match Explorer
How It Works
Community
CoH3 Stats
Reddit
Sign in to upload your games and track your stats! →
Sign in with Steam
Match 45775797
Unlisted
Match 45775797
Overview
Messages
Build Orders
End
Engineer Squad
Selects Special Operations Battlegroup
Selects M29 Weasel Recon Vehicle
M29 Weasel Recon Vehicle
Construct Weapon Support Center
M1919 Machine Gun Team
Bazooka Squad
M1919 Machine Gun Team
Air Support Center
Selects Smoke Screen
Construct Motor Pool
M8 Greyhound Armored Car
P-47 Dive Bomb
Construct Medical Station
Selects SSF Commando Squad
SSF Commando Squad
Grasshopper Recon Run
P-47 Dive Bomb
M24 Chaffee Light Tank
Air Supply
K̳itsuné
Azakura
0
0
Comments
sign in to comment!
No comments posted yet!